AoeStats
← Smokey

Hill Fort

505075284Analyzed
3v3 RM · 25d ago on Sep 7, 2026· 77m 34s· 6 players
Game mode
Random Map
Map size
Normal (6 player)
Population
200
Speed
Normal
Resources
Standard
Victory
Conquest
Starting age
Dark Age
Ending age
Imperial Age
RankedLock teamsTeams togetherTeam positionsShared explorationLock speedFull tech treeHidden civsTurbo modeCheats
Victory
Defeat
🇻🇪 Cumans · Venezuela
736
+11
🇬🇧 Tatars · United Kingdom
583
+18
🇺🇸 Hindustanis · United States
547
+19
🇺🇸 Aztecs · United States
631
-16
🇸🇮 Britons · Slovenia
626
-16
🇹🇷 Dravidians · Türkiye
617
-16
Cuauhocelotl831
1:18 Loom
19:06 Feudal Age
20:39 Double-Bit Axe
21:56 Wheelbarrow
24:02 Castle Age
26:45 Hand Cart
33:17 Bow Saw
44:59 Imperial Age
44:22 Forging
44:12 Scale Mail Armor
51:06 Imperial Age
48:02 Pikeman
48:43 Squires
Smokey
13:24 Feudal Age
15:15 Double-Bit Axe
15:13 Horse Collar
18:58 Castle Age
18:09 Gold Mining
18:11 Stone Mining
25:51 Bow Saw
25:45 Heavy Plow
26:32 Wheelbarrow
30:52 Imperial Age
33:08 Gold Shaft Mining
35:34 Chemistry
34:57 Ballistics
34:41 Padded Archer Armor
34:32 Fletching
34:53 Elite Longbowman
35:55 Yeomen
35:55 Leather Archer Armor
40:01 Hand Cart
43:14 Two-Man Saw
NarkoTeror
10:32 Feudal Age
12:37 Horse Collar
12:45 Double-Bit Axe
21:03 Castle Age
22:34 Bow Saw
22:36 Heavy Plow
23:53 Wheelbarrow
23:03 Town Watch
25:46 Fletching
27:41 Hand Cart
29:34 Forging
29:20 Bodkin Arrow
31:17 Gold Mining
31:18 Stone Mining
33:06 Thumb Ring
38:17 Imperial Age
39:30 Town Patrol
39:38 Elite Elephant Archer
40:54 Bracer
40:55 Padded Archer Armor
41:10 Medical Corps
41:30 Conscription
41:50 Hoardings
44:10 Two-Man Saw
44:51 Chemistry
49:06 Ballistics
Metalhead6474
1:59 Loom
13:31 Feudal Age
14:28 Horse Collar
14:37 Double-Bit Axe
16:47 Wheelbarrow
21:11 Castle Age
23:22 Bow Saw
23:17 Heavy Plow
24:36 Hand Cart
31:07 Imperial Age
30:58 Caravan
31:30 Coinage
33:07 Two-Man Saw
33:43 Bloodlines
33:36 Husbandry
37:28 Chemistry
36:50 Ballistics
38:29 Forging
38:58 Banking
39:55 Hoardings
39:23 Grand Trunk Road
41:16 Iron Casting
45:43 Blast Furnace
45:56 Masonry
45:53 Siege Engineers
45:18 Siege Elephant
47:14 Scale Mail Armor
48:25 Town Watch
49:29 Hoardings
48:56 Shatagni
50:22 Scale Barding Armor
51:23 Chain Barding Armor
53:03 Plate Barding Armor
52:44 Chain Mail Armor
55:13 Fletching
60:32 Elite Ghulam
61:34 Conscription
62:32 Bodkin Arrow
63:23 Arson
63:40 Squires
63:15 Heavy Camel Rider
64:26 Bracer
64:26 Padded Archer Armor
65:22 Husbandry
64:44 Imperial Camel Rider
71:06 Thumb Ring
73:16 Elite Skirmisher
g_c_matthews_2000
2:08 Loom
13:02 Feudal Age
13:58 Double-Bit Axe
14:51 Wheelbarrow
15:42 Town Watch
15:57 Gold Mining
18:09 Stone Mining
21:23 Castle Age
20:49 Fletching
21:18 Padded Archer Armor
22:24 Bow Saw
22:45 Husbandry
23:49 Gold Shaft Mining
24:59 Horse Collar
26:07 Bodkin Arrow
26:27 Bloodlines
29:04 Heavy Plow
29:07 Treadmill Crane
29:27 Murder Holes
32:41 Hand Cart
34:15 Town Patrol
34:57 Leather Archer Armor
38:00 Imperial Age
36:06 Scale Mail Armor
38:27 Forging
38:26 Scale Barding Armor
39:08 Conscription
39:16 Bracer
39:21 Capped Ram
41:05 Cavalier
43:29 Iron Casting
47:10 Blast Furnace
46:35 Ballistics
59:11 Squires
58:32 Pikeman
59:48 Elite Keshik
68:51 Herbal Medicine
70:48 Arson
72:09 Timurid Siegecraft
72:04 Man-at-Arms
75:36 Chain Barding Armor
75:53 Halberdier
Lheudrin
5:14 Loom
16:40 Feudal Age
18:03 Man-at-Arms
19:05 Horse Collar
27:02 Scale Mail Armor
27:21 Man-at-Arms
28:03 Double-Bit Axe
30:28 Wheelbarrow
29:41 Town Watch
29:55 Gold Mining
29:55 Stone Mining
30:16 Arson
35:12 Castle Age
36:14 Forging
36:19 Chain Mail Armor
36:20 Squires
35:41 Pikeman
35:46 Long Swordsman
36:22 Capped Ram
37:30 Caravan
38:12 Iron Casting
37:44 Scale Barding Armor
37:49 Heavy Plow
38:54 Hand Cart
38:40 Town Patrol
44:14 Imperial Age
42:06 Bow Saw
42:35 Gold Shaft Mining
42:19 Steppe Husbandry
43:41 Light Cavalry
44:32 Bloodlines
44:27 Fletching
44:37 Padded Archer Armor
45:00 Cavalier
46:23 Conscription
46:31 Conscription
47:39 Chain Barding Armor
48:20 Blast Furnace
48:14 Crop Rotation
49:40 Two-Man Saw
48:32 Hussar
49:15 Siege Ram
Connection lost

Rejoining the realm…

Still unreachable

The connection could not be restored.

Session expired

The server has moved on; the page needs a fresh start.